 Dungeon Crawl Stone Soup version 0.24.1-11-gbbbb2193e6 (webtiles) character file.

Game seed: 8847216180002119298, levelgen mode: deterministic

65 Peloso the Skirmisher (level 3, -2/29 HPs)
             Began as a Demonspawn Fighter on May 14, 2020.
             Slain by a hobgoblin
             ... wielding a +0 club
             ... led by Robin
              (7 damage)
             ... on level 3 of the Dungeon.
             The game lasted 00:03:10 (1375 turns).

Peloso the Skirmisher (Demonspawn Fighter)          Turns: 1375, Time: 00:03:11

Health: -2/29      AC: 11    Str: 17    XL:     3   Next: 92%
Magic:  3/3        EV:  4    Int:  9    God:
Gold:   80         SH:  9    Dex: 12    Spells: 2/2 levels left

rFire    . . .     SeeInvis .   a - +1 long sword
rCold    . . .     Gourm    .   c - +0 shield
rNeg     . . .     Faith    .   r - +0 plate armour
rPois    .         Spirit   .   (no helmet)
rElec    .         Reflect  .   (no cloak)
rCorr    .         Harm     .   (no gloves)
MR       .....                  (no boots)
Stlth    ..........             (no amulet)
HPRegen  0.09/turn              (no ring)
MPRegen  0.08/turn              (no ring)

@: no status effects
A: sturdy frame 1
a: no special abilities


You were on level 3 of the Dungeon.
You were hungry.

You visited 1 branch of the dungeon, and saw 3 of its levels.

You collected 80 gold pieces.

Inventory:

Hand Weapons
 a - a +1 long sword (weapon)
Armour
 b - a +0 scale mail
 c - a +0 shield (worn)
 r - a +0 plate armour (worn)
Wands
 p - a wand of paralysis (8)
Scrolls
 l - 2 scrolls of identify
Potions
 d - a potion of might
 e - a potion of heal wounds
 h - 3 potions of haste {unknown}
 i - a potion of degeneration {unknown}
 k - 3 potions of curing {unknown}
 o - a potion of lignification {unknown}
 s - a potion of flight {unknown}
Comestibles
 f - 5 rations


   Skills:
 + Level 3.2 Fighting
 + Level 2.7 Long Blades
 + Level 3.1 Armour
 + Level 0.3 Dodging
 + Level 3.2 Shields


You had 2 spell levels left.
You didn't know any spells.
Your spell library was empty.

Dungeon Overview and Level Annotations

Branches:
Dungeon (3/15)

Altars:
Elyvilon
Nemelex Xobeh
Trog
Zin

Annotations:
D:3 Robin


Innate Abilities, Weirdness & Mutations

Your movements are slightly less encumbered by armour. (ER -2)


Message History

Unknown command.
Your plate armour prevents you from hitting the goblin.
The goblin is moderately wounded.
You block the hobgoblin's attack. The goblin hits you but does no damage.
The goblin hits you with a +0 club. The hobgoblin completely misses you.
The goblin hits you but does no damage. The hobgoblin barely misses you.
You riposte.
You slash the hobgoblin!
You kill the hobgoblin!
You closely miss the goblin.
The goblin is moderately wounded.
You hear the slow rusting of a distant drain.
The goblin no longer looks unusually strong.
You block the goblin's attack.
Robin roars a battlecry!
The goblin goes into a battle-frenzy!
The hobgoblin hits you but does no damage.
The goblin hits you with a +0 club.
* * * LOW HITPOINT WARNING * * *
The hobgoblin hits you with a +0 club!
You die...

#....(# #...... #.....#
#.......#.....#
#.......#.....#
#.......#.....#
#.......#.....######
#.......+.....'....#
#.....g##ggg..####.#
#.....g'gg@....[.#.#
#.....g#########.#.#
#......# #.#.# ######.#
#.#.# ###.#########.#.#
#######.............#.#
#.....#.#.###########.#
#.###.#.#.............#
#.##.<#....############


You could see Robin, 4 hobgoblins and 3 goblins.

Vanquished Creatures
  3 adders
  A worm (D:2)
  4 giant cockroaches
  9 goblins
  5 hobgoblins
  3 bats
  A frilled lizard (D:1)
  3 kobolds
  3 rats
32 creatures vanquished.

Notes
Turn   | Place    | Note
-------+----------+-------------------------------------------
     0 | D:1      | Peloso the Demonspawn Fighter began the quest for the Orb.
     0 | D:1      | Reached XP level 1. HP: 18/18 MP: 1/1
   217 | D:1      | Gained mutation: Your movements are slightly less
                  | encumbered by armour. (ER -2) [demonic ancestry]
   217 | D:1      | Reached XP level 2. HP: 9/24 MP: 2/2
   920 | D:2      | Found a white marble altar of Elyvilon.
   922 | D:2      | Found a glowing silver altar of Zin.
   923 | D:2      | Reached XP level 3. HP: 16/29 MP: 3/3
   925 | D:2      | Found a sparkling altar of Nemelex Xobeh.
   925 | D:2      | Found a bloodstained altar of Trog.
  1364 | D:3      | Noticed Robin
  1375 | D:3      | Slain by a hobgoblin

Levels and vault maps discovered:
D:1:      zaba_arrival_water, layout_loops_ring, minmay_crystal_water
D:2:      layout_basic, grunt_temple_overflow_open, first_ration
D:3:      layout_basic, gup_sewer_entry_pipe,
          chequers_ecumenical_altar_simple_redux, uniq_robin, uniq_ijyb,
          uniq_jessica

Skill      XL: |  1  2  3 |
---------------+----------+-----
Long Blades    | 2 |  2.7
Armour         | 3 |  3.1
Shields        | 3 |  3.2
Fighting       | |  3.2
Dodging        | |  0.3

Action                   || total
-------------------------++-------
Melee: Long sword        ||   139
  Use: Scroll            ||     6
  Eat: Chunk             ||     1
Armor: Scale mail        ||    43
       Plate armour      ||    50
Dodge: Dodged            ||    40
Block: Shield            ||    83
       Rpst.: Long sword ||    15
